 Dungeon Crawl Stone Soup version 0.23.2 (webtiles) character file.

Game seed: 12466819364709841040

563 Menchi the Chopper (level 7, -1/60 HPs)
             Began as a Ghoul Fighter on Apr 5, 2019.
             Was an Initiate of Makhleb.
             Slain by an ogre
             ... wielding a +0 giant club
              (14 damage)
             ... on level 5 of the Dungeon.
             The game lasted 00:10:01 (2839 turns).

Menchi the Chopper (Ghoul Fighter)                  Turns: 2839, Time: 00:10:03

Health: -1/60      AC: 12    Str: 21    XL:     7   Next: 32%
Magic:  6/6        EV:  6    Int:  4    God:    Makhleb [......]
Gold:   143        SH:  0    Dex: 12    Spells: 6/6 levels left

rFire    . . .     SeeInvis .   a - +0 war axe
rCold    + . .     Gourm    .   (no shield)
rNeg     + + +     Faith    .   p - +0 plate armour
rPois    ∞         Spirit   .   (no helmet)
rElec    .         Reflect  .   (no cloak)
rCorr    .         Harm     .   (no gloves)
MR       .....                  (no boots)
Stlth    ..........             l - amulet of the acrobat
HPRegen  0.00/turn              e - ring of flight
MPRegen  0.10/turn              j - +4 ring of dexterity

@: rotting
A: rotting body, claws 1, carnivore, cold resistance 1, negative energy
resistance 3, inhibited regeneration, torment resistance, unbreathing
a: Renounce Religion, Evoke Flight


You were on level 5 of the Dungeon.
You worshipped Makhleb.
Makhleb was noncommittal.
You were not hungry.

You visited 2 branches of the dungeon, and saw 6 of its levels.

You collected 143 gold pieces.

Inventory:

Hand Weapons
 a - a +0 war axe (weapon)
Armour
 p - a +0 plate armour (worn)
Jewellery
 e - a ring of flight (left claw)
 j - a +4 ring of dexterity (right claw)
 l - an amulet of the acrobat (around neck)
Scrolls
 g - 4 scrolls of remove curse {unknown}
 h - 3 scrolls of identify
 o - a scroll of enchant weapon {unknown}
 r - a scroll of blinking {unknown}
Potions
 b - a potion of degeneration {unknown}
 c - a potion of berserk rage {unknown}
 d - 2 potions of might
 i - a potion of curing
 k - 2 potions of magic {unknown}
 m - a potion of mutation {unknown}
 n - 2 potions of lignification {unknown}
Comestibles
 f - 7 rations
 q - a chunk of flesh


   Skills:
 * Level 4.7 Fighting
 * Level 5.0 Axes
 * Level 4.6 Armour
 + Level 1.3 Dodging
   Level 2.6 Shields


You had 6 spell levels left.
You didn't know any spells.
Your spell library was empty.

Dungeon Overview and Level Annotations

Branches:
Dungeon (5/15)             Temple (1/1) D:4

Altars:
Ashenzari
Elyvilon
Fedhas
Hepliaklqana
Makhleb
Nemelex Xobeh
Qazlal
Ru
Sif Muna
Uskayaw
Vehumet
Xom


Innate Abilities, Weirdness & Mutations

Your body is rotting away.
You thrive on raw meat.
You are immune to poison.
You have sharp fingernails.
You are carnivorous and can eat meat at any time.
Your flesh is cold resistant. (rC+)
You are immune to negative energy. (rN+++)
You do not regenerate when monsters are visible.
You are immune to unholy pain and torment.
You can survive without breathing.


Message History

The ogre hits you with a +0 giant club!!
The worker ant zombie bites you but does no damage.
Your plate armour prevents you from hitting the worker ant zombie.
The worker ant zombie is severely damaged.
You hit the ogre. The ogre hits you with a +0 giant club!
* * * LOW HITPOINT WARNING * * *
The worker ant zombie bites you but does no damage.
You are too injured to fight recklessly!
Eat one of 2 chunks of flesh? (ye/n/q)
You eat one of the 2 chunks of flesh.
This raw flesh tastes great!
The ogre hits you with a +0 giant club!
* * * LOW HITPOINT WARNING * * *
The worker ant zombie barely misses you.
You slash the ogre!
The ogre is severely wounded.
You hit the worker ant zombie but do no damage.
The worker ant zombie bites you.
* * * LOW HITPOINT WARNING * * *
The ogre hits you with a +0 giant club!
You die...

................
.#....<........
...#............
................
........).......
........!......#
....[###...##..#
..##.###......##
........@.......
..##.#OZ.......
#⌠.⌠#........
..._..........
.#.⌠.⌠.........
##.......#..$.
###..........
##..#..#.##


You could see an ogre and a worker ant zombie.

Vanquished Creatures
  Grinder (D:4)
  A water moccasin skeleton (D:4)
  A bullfrog zombie (D:3)
  An orc priest (D:3)
  3 worker ants (D:4)
  A worker ant zombie (D:4)
  4 gnolls (D:3)
  6 adders
  An ooze (D:2)
  3 dart slugs
  4 leopard geckos
  6 orcs
  14 bats
  6 giant cockroaches
  5 goblins
  2 hobgoblins (D:1)
  A quokka (D:3)
  7 frilled lizards
  6 kobolds
  8 rats
81 creatures vanquished.

Vanquished Creatures (others)
  A bat (D:2)
1 creature vanquished.

Grand Total: 82 creatures vanquished

Notes
Turn   | Place    | Note
-------+----------+-------------------------------------------
     0 | D:1      | Menchi the Ghoul Fighter began the quest for the Orb.
     0 | D:1      | Reached XP level 1. HP: 19/19 MP: 0/0
   111 | D:1      | Reached skill level 2 in Axes
   111 | D:1      | Reached XP level 2. HP: 24/26 MP: 1/1
   855 | D:2      | Reached XP level 3. HP: 32/33 MP: 2/2
   949 | D:2      | Reached XP level 4. HP: 34/40 MP: 3/3
  1083 | D:2      | Found a radiant altar of Vehumet.
  1197 | D:2      | Found a white marble altar of Elyvilon.
  1376 | D:3      | Reached skill level 3 in Axes
  1383 | D:3      | Reached XP level 5. HP: 36/46 MP: 4/4
  2094 | D:4      | Reached XP level 6. HP: 52/52 MP: 5/5
  2193 | D:4      | Found a staircase to the Ecumenical Temple.
  2247 | Temple   | Entered the Ecumenical Temple
  2281 | Temple   | Became a worshipper of Makhleb the Destroyer
  2347 | D:4      | Noticed Grinder
  2364 | D:4      | Killed Grinder
  2364 | D:4      | Reached skill level 4 in Axes
  2364 | D:4      | Reached skill level 1 in Dodging
  2435 | D:4      | Reached XP level 7. HP: 59/59 MP: 6/6
  2735 | D:4      | Reached skill level 5 in Axes
  2824 | D:5      | Entered Level 5 of the Dungeon
  2829 | D:5      | Found a sparkling altar of Nemelex Xobeh.
  2839 | D:5      | Slain by an ogre

Skill      XL: |  1  2  3  4  5  6  7 |
---------------+----------------------+-----
Axes           | 2 3 4 5 |  5.0
Armour         | 3 4 |  4.6
Fighting       | 4 |  4.7
Dodging        | 1 |  1.3
Shields        | |  2.6

Action                   |  1- 3 |  4- 6 |  7- 9 || total
-------------------------+-------+-------+-------++-------
Melee: War axe           |   106 |   156 |    44 ||   306
 Abil: Evoke Flight      |       |     1 |       ||     1
  Use: Scroll            |       |     2 |       ||     2
  Eat: Chunk             |    12 |    24 |     3 ||    39
Armor: Scale mail        |   112 |    90 |       ||   202
       Plate armour      |       |    19 |    36 ||    55
Dodge: Dodged            |    91 |   131 |    17 ||   239
